 Dungeon Crawl Stone Soup version 0.18.1-48-g4cf74bf (webtiles) character file.

429 Heedrag the Conjurer (level 6, -1/32 HPs)
             Began as a Deep Elf Conjurer on Aug 11, 2016.
             Was an Initiate of Vehumet.
             Slain by a crocodile (17 damage)
             ... in a sewer.
             The game lasted 00:09:48 (3628 turns).

Heedrag the Conjurer (Deep Elf Conjurer)            Turns: 3628, Time: 00:09:49

Health: -1/32      AC:  4    Str:  7    XL:     6   Next: 66%
Magic:  0/16       EV: 13    Int: 20    God:    Vehumet [......]
Gold:   188        SH:  0    Dex: 15    Spells: 4 memorised, 3 levels left

rFire  . . .     SeeInvis .     g - +0 short sword
rCold  + . .     Gourm    .     u - +2 robe {rC+}
rNeg   . . .     Faith    .     (no shield)
rPois  .         Spirit   .     (no helmet)
rElec  .         Dismiss  .     (no cloak)
rCorr  .         Reflect  .     (no gloves)
SustAt +         Harm     .     (no boots)
MR     +....                    (no amulet)
Stlth  ++........               C - ring of protection from magic
                                w - ring of sustain attributes

@: very slightly contaminated, somewhat resistant to hostile enchantments,
unstealthy
A: no striking features
a: Renounce Religion


You were in a sewer.
You worshipped Vehumet.
Vehumet was noncommittal.
You were hungry.

You visited 2 branches of the dungeon, and saw 7 of its levels.
You also visited: Sewer.

You collected 188 gold pieces.

Inventory:

Hand Weapons
 g - a +0 short sword (weapon)
Armour
 u - a +2 robe of cold resistance (worn)
Magical Staves
 F - an uncursed staff of fire
Jewellery
 w - a ring of sustain attributes (left hand)
 C - a ring of protection from magic (right hand)
Wands
 t - a wand of digging (18/24)
 v - a wand of slowing (13/48)
 B - a wand of polymorph (11/24)
Scrolls
 a - a scroll of amnesia {unknown}
 e - a scroll of teleportation {unknown}
 h - 3 scrolls of identify {unknown}
 k - 3 scrolls of fog {unknown}
 r - 2 scrolls of recharging {unknown}
 y - a scroll of enchant armour {unknown}
 A - 2 scrolls of remove curse {unknown}
Potions
 d - 2 potions of brilliance {unknown}
 i - 2 potions of flight {unknown}
 l - a potion of invisibility {unknown}
 o - 4 potions of heal wounds {unknown}
 p - a potion of cure mutation {unknown}
 q - 2 potions of might {unknown}
 s - 2 potions of lignification {unknown}
 x - a potion of degeneration {unknown}
 z - 4 potions of curing {unknown}
 D - a potion of magic {unknown}
 E - a potion of agility {unknown}
Books
 b - a book of Conjurations

   Spells                             Type                      Level
   a - Magic Dart                     Conjuration                  1
   b - Searing Ray                    Conjuration                  2
   c - Dazzling Spray                 Conjuration/Hexes            3
   d - Fulminant Prism                Conjuration/Hexes            4
   e - Iskenderun's Mystic Blast      Conjuration                  4
   f - Iskenderun's Battlesphere      Conjuration/Charms           5
Comestibles
 c - 3 bread rations
 f - a royal jelly
 j - a beef jerky
 m - 2 fruits
 n - a meat ration
 G - 3 chunks of flesh


   Skills:
 - Level 2.4 Dodging
 - Level 2.4 Stealth
 + Level 5.9 Spellcasting
 * Level 7.1 Conjurations
 + Level 2.6 Charms
 - Level 1.3 Evocations


You had 3 spell levels left.
You knew the following spells:

 Your Spells              Type           Power        Failure   Level  Hunger
a - Magic Dart            Conj           ####         1%          1    None
b - Dazzling Spray        Conj/Hex       ###...       10%         3    ##.....
c - Iskenderun's Mystic   Conj           ####....     8%          4    ####...
d - Iskenderun's Battles  Conj/Chrm      ####....     45%         5    #####..


Dungeon Overview and Level Annotations

Branches:
Dungeon (6/15)             Temple (1/1) D:4

Altars:
Cheibriados
Dithmenos
Gozag
Kikubaaqudgha
Makhleb
Okawaru
Pakellas
Vehumet
The Shining One

Annotations:
D:2 Sigmund
D:3 Trysia's ghost, amateur MiBe
D:4 theElss's ghost, novice HECj


Message History

Thar be an empty arch o' ancient stone 'ere.
Thar be nuthin' on tha othar side o' tha stone arch.
Okay, than.
Thar be nuthin' on tha othar side o' tha stone arch.
Castin': Dazzlin' Spray Confirm wit' . or Enter, or press ? or * ta list all spells.
Aimin': Dazzlin' Spray
Press: ? - help, Shift-Dir - straight line, f/p - crocodile
Aim: a crocodile (moderately wounded) Okay, than.
Castin': Dazzlin' Spray Confirm wit' . or Enter, or press ? or * ta list all spells.
Aimin': Iskenderun's Mestic Blast
Press: ? - help, Shift-Dir - straight line, f/p - crocodile
Aim: a crocodile (moderately wounded) Tha orb o' energy hits tha crocodile.
Tha crocodile be heavily wounded.
Tha orb o' energy 'splodes!
Tha crocodile bites ye!
Ouch! Tha re'lly hurt!
Ye die...

##...##
##.....##
#...≈...#
#..≈≈≈..#
#†≈≈≈≈≈.#
#..≈≈≈÷.#
#...≈...#
##..t..##
##.@.##
##.## ###


You could see a crocodile.

Vanquished Creatures
  A scorpion (D:6)
  A howler monkey (D:4)
  A centaur zombie (D:6)
  A hound (D:4)
  Jessica (D:2)
  Ijyb (D:2)
  Natasha (thrice) (D:2)
  2 worker ant zombies
  6 adders
  A dart slug (D:2)
  6 giant geckos
  5 orcs (D:3)
  3 giant cockroaches
  6 goblins
  9 hobgoblins
  4 quokkas
  A ball python (D:2)
  9 bats
  A giant gecko skeleton (D:6)
  4 giant newts
  8 kobolds
  4 rats
78 creatures vanquished.

Vanquished Creatures (others)
  A yak (D:4)
1 creature vanquished.

Grand Total: 79 creatures vanquished

Notes
Turn   | Place    | Note
--------------------------------------------------------------
     0 | D:1      | Heedrag the Deep Elf Conjurer began the quest for the Orb.
     0 | D:1      | Reached XP level 1. HP: 10/10 MP: 6/6
   648 | D:1      | Reached XP level 2. HP: 15/15 MP: 5/8
   909 | D:2      | Noticed Natasha
   913 | D:2      | Killed Natasha
   913 | D:2      | Reached skill level 5 in Conjurations
   913 | D:2      | Reached XP level 3. HP: 4/19 MP: 5/10
   951 | D:2      | Learned a level 3 spell: Dazzling Spray
   990 | D:2      | Noticed Ijyb
   997 | D:2      | Killed Ijyb
  1152 | D:2      | Noticed Natasha
  1154 | D:2      | Killed Natasha
  1154 | D:2      | Reached XP level 4. HP: 21/24 MP: 8/12
  1209 | D:2      | Noticed Jessica
  1211 | D:2      | Killed Jessica
  1211 | D:2      | Reached skill level 6 in Conjurations
  1278 | D:2      | Noticed Sigmund
  1301 | D:2      | Learned a level 4 spell: Iskenderun's Mystic Blast
  1307 | D:2      | Noticed Natasha
  1313 | D:2      | Killed Natasha
  1313 | D:2      | Reached XP level 5. HP: 27/28 MP: 5/14
  1548 | D:2      | Found a shadowy altar of Dithmenos.
  1778 | D:3      | Learned a level 5 spell: Iskenderun's Battlesphere
  1781 | D:3      | Found a faded altar to an unknown god.
  1849 | D:3      | Noticed Trysia's ghost (amateur MiBe)
  1914 | D:4      | Reached skill level 5 in Spellcasting
  1914 | D:4      | Reached skill level 1 in Charms
  2022 | D:4      | Reached skill level 1 in Evocations
  2067 | D:4      | Found a staircase to the Ecumenical Temple.
  2077 | Temple   | Entered the Ecumenical Temple
  2165 | Temple   | Became a worshipper of Vehumet
  2235 | D:4      | Found an oddly glowing altar of Pakellas.
  2235 | D:4      | Noticed an orange crystal statue
  2236 | D:4      | Noticed a yak
  2242 | D:4      | Killed a yak
  2348 | D:4      | Noticed theElss's ghost (novice HECj)
  2358 | D:3      | Reached XP level 6. HP: 32/32 MP: 8/15
  2894 | D:3      | Found an ancient bone altar of Kikubaaqudgha.
  3060 | D:5      | Entered Level 5 of the Dungeon
  3151 | D:6      | Reached skill level 7 in Conjurations
  3488 | D:5      | Found a glowing drain.
  3537 | Sewer    | Entered a sewer
  3628 | Sewer    | Slain by a crocodile

Skill      XL: |  1  2  3  4  5  6 |
---------------+-------------------+-----
Conjurations   | 5 6 7 |  7.1
Spellcasting   | 4 5 |  5.9
Charms         | 1 2 |  2.6
Evocations     | 1 |  1.3
Dodging        | |  2.4
Stealth        | |  2.4

Action                   |  1- 3 |  4- 6 || total
-------------------------+-------+-------++-------
 Cast: Magic Dart        |    41 |   155 ||   196
       Dazzling Spray    |       |     3 ||     3
       Iskenderun's Myst |       |     1 ||     1
  Eat: Chunk             |     1 |     7 ||     8
Armor: Robe              |     1 |    10 ||    11
Dodge: Dodged            |     3 |    37 ||    40
